 Dungeon Crawl Stone Soup version 0.29.0-4-gdea44cf6ec (webtiles) character file.

Game seed: 2315282247596190793

2 qw the Sneak (level 1, -13/14 HPs)
             Began as a Gargoyle Delver on Sept 10, 2022.
             Mangled by Sigmund
             ... wielding a +5 scythe of venom
              (15 damage)
             ... on level 4 of the Dungeon.
             The game lasted 00:00:03 (51 turns).

qw the Sneak (Gargoyle Delver)                        Turns: 51, Time: 00:00:03

Health: -13/14     AC:  5    Str: 15    XL:     1   Next: 40%
Magic:  1/1        EV: 11    Int: 10    God:
Gold:   0          SH:  0    Dex: 11    Spells: 0/0 levels left

rFire   . . .      SeeInvis .   a - +0 hand axe
rCold   . . .      Faith    .   (no shield)
rNeg    + . .      Spirit   .   b - +0 leather armour
rPois   inf        Reflect  .   (no helmet)
rElec   +          Harm     .   (no cloak)
rCorr   .          Rampage  .   (no gloves)
Will    .....                   (no boots)
Stlth   +++.......              (no amulet)
HPRegen 0.04/turn               (no ring)
MPRegen 0.07/turn               (no ring)

@: no status effects
A: sickness immunity, AC +2, negative energy resistance 1, electricity
resistance, torment resistance 1, petrification resistance
a: no special abilities


You were on level 4 of the Dungeon.
You visited 1 branch of the dungeon, and saw 2 of its levels.


Innate Abilities, Weirdness & Mutations

You are immune to sickness and miasma.
Your stone body is resilient. (AC +2)
You are immune to poison.
You resist negative energy. (rN+)
You are resistant to electric shocks. (rElec)
You are resistant to unholy torment.
You are immune to petrification.


   Skills:
 - Level 3.2 Fighting
 + Level 2.0 Axes
 - Level 1.5 Dodging
 - Level 5.4 Stealth


You couldn't memorise any spells.
You didn't know any spells.
Your spell library was empty.

Inventory:

Hand Weapons
 a - a +0 hand axe (weapon)
Armour
 b - a +0 leather armour (worn)
Wands
 g - a wand of digging (3)
Potions
 f - a potion of haste

Dungeon Overview and Level Annotations

Branches:
Dungeon (5/15)
 Temple: D:4-7

Altars:

Annotations:
D:4 Sigmund


Message History

Found a scroll labelled CEOBLE TAMI.
There is a stone staircase leading down here.
There are monsters nearby!
Existing waypoints: (2) D:5 Assign waypoint to what number? (0-9, D - delete waypoint) Waypoint 1 assigned to D:4.
Enter note: Sigmund closely misses you.
You hit Sigmund.
Sigmund is lightly wounded.
Sigmund closely misses you.
You hit Sigmund.
Sigmund is moderately wounded.
Sigmund closely misses you.
You hit Sigmund.
Sigmund is moderately wounded.
Sigmund says, "Now you see me, now you don't..."
Sigmund points at you and mumbles some strange words.
You are confused.
Sigmund hits you from afar with a +5 scythe of venom.
You hit the quokka.
The quokka is almost dead.
The quokka bites you. The quokka closely misses you.
You hit the quokka.
You kill the quokka!
You closely miss the goblin. The goblin barely misses you.
Sigmund hits you from afar with a +5 scythe of venom!
Ouch! That really hurt!
The goblin closely misses you.
Your Axes skill increases to level 2!
Sigmund barely misses you.
You miss the goblin. You barely miss Sigmund. Sigmund barely misses you.
The goblin barely misses you.
A scorpion comes into view.
You feel less confused.
Sigmund hits you with a +5 scythe of venom!
Ouch! That really hurt!
You die...

?... }.. ....#.# .
....#.. .# .....##
.# ##.#..## .#
#......## .###.
### #....#......
.....#>.g..#.##.
.........@........
#.###.....@...##.#
###.#####.# ...#
... ##### #.. ..s
..


You could see Sigmund and a goblin.

Vanquished Creatures
  2 quokkas
2 creatures vanquished.

Notes
Turn   | Place    | Note
-------+----------+-------------------------------------------
     0 | D:5      | qw the Gargoyle Delver began the quest for the Orb.
     0 | D:5      | Reached XP level 1. HP: 14/14 MP: 1/1
     0 | D:5      | 0 ||| qw: Version: 0.1-a-116-g5d60599
     0 | D:5      | 0 ||| qw: Game counter: 8427
     0 | D:5      | 0 ||| qw: Always use a shield: true
     0 | D:5      | 0 ||| qw: God list: Okawaru
     0 | D:5      | 0 ||| qw: Allow faded altars: false
     0 | D:5      | 0 ||| qw: Do Orc after D:15 true
     0 | D:5      | 0 ||| qw: Do second Lair branch before Depths: true
     0 | D:5      | 0 ||| qw: Lair rune preference: random
     0 | D:5      | 0 ||| qw: Plans: Normal
     0 | D:5      | 0 ||| PLANNING D:1-11
     3 | D:5      | 3 ||| Stepping ~*~*~tactically~*~*~ (stealth).
     5 | D:5      | 5 ||| Stepping ~*~*~tactically~*~*~ (stealth).
    27 | D:5      | 27 ||| DROPPING scroll of fog.
    28 | D:5      | 28 ||| DROPPING scroll of magic mapping.
    29 | D:5      | 29 ||| DROPPING scroll of fear.
    37 | D:5      | Noticed an orc priest
    39 | D:4      | Noticed Sigmund
    47 | D:4      | HP: 2/14 [Sigmund/+5 scythe of venom (8)]
    50 | D:4      | Noticed a scorpion
    51 | D:4      | Mangled by Sigmund

Levels and vault maps discovered:
D:4:      layout_loops_ring, temple_fountains, serial_shops,
          nicolae_take_the_stairs, uniq_crazy_yiuf_cottage, uniq_natasha,
          uniq_edmund, uniq_eustachio, uniq_sigmund
D:5:      layout_cave_pools, nicolae_vehumet_altar_sigil, enter_ossuary_4,
          corexii_item_surrounded_by_moat

Skill      XL: |  1 |
---------------+----+-----
Axes           | 2 |  2.0
Fighting       | |  3.2
Dodging        | |  1.5
Stealth        | |  5.4

Action                   || total
-------------------------++-------
Melee: Hand axe          ||    11
Armor: Leather armour    ||     4
Dodge: Dodged            ||    11

Table legend:
 A = Non-vault XP
 B = Vault XP
 C = Vault XP percentage of total XP
 D = Non-vault monster count
 E = Vault monster count
 F = Vault count percentage of total count
                 A         B        C        D         E       F
            +---------+---------+-------+---------+---------+-------
      Total |       4 |       0 |   0.0 |       2 |       0 |   0.0
            +---------+---------+-------+---------+---------+-------
        D:4 |       2 |       0 |   0.0 |       1 |       0 |   0.0
        D:5 |       2 |       0 |   0.0 |       1 |       0 |   0.0
            +---------+---------+-------+---------+---------+-------
